 Dungeon Crawl Stone Soup version 0.31-a0-867-g9b2fd80f0c (webtiles) character file.

Game seed: 11820221423640761830

163 BinkBink the Chopper (level 5, -1/47 HPs)
             Began as a Minotaur Berserker on Oct 11, 2023.
             Was a Believer of Trog.
             Slain by an orc priest
             ... wielding a +0 spear
              (6 damage)
             ... on level 3 of the Dungeon.
             The game lasted 00:02:13 (1907 turns).

BinkBink the Chopper (Minotaur Berserker)           Turns: 1907, Time: 00:02:14

Health: -1/47      AC:  2    Str: 23    XL:     5   Next: 20%
Magic:  4/4        EV: 12    Int:  4    God:    Trog [**....]
Gold:   80         SH:  0    Dex: 10    Spells: 4/4 levels left

rFire   . . .        a - +0 hand axe
rCold   . . .        (no shield)
rNeg    . . .        b - +0 animal skin
rPois   .            (helmet restricted)
rElec   .            (no cloak)
rCorr   .            (no gloves)
SInv    .            (no boots)
Will    .....        (no amulet)
Stlth   +            (no ring)
HPRegen 0.27/turn    (no ring)
MPRegen 0.09/turn

%: no passive effects
@: no status effects
A: horns 2, retaliatory headbutt
a: Renounce Religion, Berserk, Trog's Hand


You were on level 3 of the Dungeon.
You worshipped Trog.
Trog was pleased with you.
You visited 1 branch of the dungeon, and saw 3 of its levels.

You collected 80 gold pieces.

Inventory:

Hand Weapons
 a - a +0 hand axe (weapon)
Armour
 b - a +0 animal skin (worn)
Scrolls
 g - a scroll of fear {unknown}
 h - a scroll of noise {unknown}
Potions
 c - a potion of might {unknown}
 d - a potion of curing {unknown}
 e - a potion of cancellation {unknown}
 f - a potion of magic {unknown}


   Skills:
 + Level 4.5 Fighting
 * Level 5.3 Axes
 + Level 3.6 Armour
 + Level 3.2 Dodging


You had 4 spell levels left.
You didn't know any spells.
Your spell library was empty.

Dungeon Overview and Level Annotations

Branches:
Dungeon (3/15)

Altars:

Annotations:
D:3 Grinder


Innate Abilities, Weirdness & Mutations

You have a pair of horns on your head.
You reflexively headbutt those who attack you in melee.


Message History

You hit the orc.
The orc is severely wounded.
The orc priest barely misses you. The orc hits you with a +0 club.
You barely miss the orc.
The orc is severely wounded.
You hit the orc. The orc misses you.
The orc priest hits you but does no damage.
The orc hits you with a +0 club.
You hit the orc. Your headbutt misses the orc.
The orc is almost dead.
You hit the orc. The orc hits you with a +0 mace.
The orc priest hits you from afar with a +0 spear.
The orc closely misses you.
You hit the orc but do no damage.
The orc is almost dead.
You hit the orc but do no damage. The orc hits you with a +0 mace!
The orc priest hits you from afar with a +0 spear.
The orc hits you with a +0 club.
* * * LOW HITPOINT WARNING * * *
Unknown command.
You are too injured to fight recklessly!
You barely miss the orc.
The orc is moderately wounded.
You slash the orc!
You kill the orc!
Trog accepts your kill. The orc closely misses you.
The orc priest hits you from afar with a +0 spear.
* * * LOW HITPOINT WARNING * * *
You closely miss the orc. You headbutt the orc.
You kill the orc!
Trog accepts your kill.
The orc priest hits you from afar with a +0 spear.
* * * LOW HITPOINT WARNING * * *
The orc priest closely misses you.
You see here a +0 club.
You closely miss the orc priest.
The orc shouts!
The orc priest hits you with a +0 spear.
You die...

#.........#.. #.
..###..######..o.
...###.####.#...........o#.
................####....##.
#....#.........#####o...##.
#...#..................##.
#.............#...#....##.
###..#..†.......#o###....###
##.......)†.@o.†...# #.......
#..##.##.$)))....######.###..
#.....#....)..........#.. .#
####.......#........####.##..
# #..........##..##..## ..
#..............##..#
#..<..........###..#
##.............# ##.#
#...)........#.# ..[


You could see an orc priest and an orc.

Vanquished Creatures
  A scorpion (D:2)
  3 adders (D:3)
  A worm (D:2)
  3 dart slugs (D:2)
  9 orcs (D:3)
  2 endoplasms (D:1)
  6 goblins
  5 hobgoblins
  3 quokkas
  9 ball pythons
  3 bats
  3 frilled lizards
  3 kobolds
  7 rats
58 creatures vanquished.

Notes
Turn   | Place    | Note
-------+----------+-------------------------------------------
     0 | D:1      | BinkBink the Minotaur Berserker began the quest for the
                  | Orb.
     0 | D:1      | Reached XP level 1. HP: 19/19 MP: 0/0
    45 | D:1      | You fall into a shaft and drop 1 floor!
   155 | D:2      | Reached XP level 2. HP: 22/27 MP: 1/1
   184 | D:1      | Reached skill level 4 in Axes
   924 | D:2      | Reached XP level 3. HP: 33/33 MP: 2/2
  1056 | D:2      | Noticed a scorpion
  1061 | D:2      | Killed a scorpion
  1062 | D:2      | Reached XP level 4. HP: 37/40 MP: 3/3
  1083 | D:2      | Reached ** piety under Trog
  1416 | D:2      | Reached skill level 5 in Axes
  1509 | D:3      | Noticed Grinder
  1793 | D:3      | Reached XP level 5. HP: 45/47 MP: 4/4
  1907 | D:3      | Slain by an orc priest

Illustrated notes

Levels and vault maps discovered:
D:1:      dpeg_arrival_shelter, layout_rooms
D:2:      layout_loops_corners
D:3:      layout_rooms, serial_park_tiny_pond, minmay_randomly_rotated_circles,
          uniq_grinder

Skill      XL: |  1  2  3  4 |
---------------+-------------+-----
Axes           | 4 5 |  5.3
Fighting       | 4 |  4.5
Armour         | 3 |  3.6
Dodging        | 3 |  3.2

Action                     |  1- 3 |  4- 6 || total
---------------------------+-------+-------++-------
  Melee: Hand axe          |    48 |    77 ||   125
         Headbutt          |     5 |    13 ||    18
         Punch             |     1 |       ||     1
   Stab: Sleeping          |     1 |       ||     1
 Armour: Animal skin       |    31 |    52 ||    83
  Dodge: Dodged            |    17 |    58 ||    75

Table legend: (Time is in decaauts)
 A = Elapsed time spent in this place.
 B = Non-inter-level travel time spent in this place.
 C = Inter-level travel time spent in this place.
 D = Time resting spent in this place.
 E = Time spent auto-exploring this place.
 F = Levels seen in this place.
 G = Mean time per level.
                   A        B        C        D        E       F      G
               +--------+--------+--------+--------+--------+-----+--------+
         Total |   1915 |   1757 |    158 |    185 |   1250 |   3 |  638.3 |
       Dungeon |   1915 |   1757 |    158 |    185 |   1250 |   3 |  638.3 |
               +--------+--------+--------+--------+--------+-----+--------+

Top non-repeatable levels by time:
     D:2: 1050 daAuts
     D:1: 588 daAuts
     D:3: 276 daAuts
